MID
CLINTON LUMBERKINGS @ BELOIT SNAPPERS
05/11/2044
 
TOP OF THE 1ST
Clinton LumberKings batting - Pitching for Beloit Snappers : RHP Jan Cole
Pitching: RHP Jan Cole
Batting: RHB Kikuo Sato 0-0: DOUBLE (Flyball, 8RXD, EV 97.5 MPH)
Batting: RHB Rick Ellis 0-0: Ball
Kikuo Sato steals 3rd base
1-0: Foul Ball, location: 2F
1-1: Ball
2-1: Swinging Strike
2-2: SINGLE (Groundball, 34D, EV 103.8 MPH)
Kikuo Sato scores
Batting: RHB Josh Ruhl 0-0: Grounds into double play, 6-4-3 (Groundball, 6, EV 91.3 MPH)
Batting: LHB Jason Hopkins 0-0: Foul Ball, location: 2F
0-1: Called Strike
0-2: SINGLE (Groundball, 4MD, EV 102.5 MPH)
Batting: RHB Josh O'Neal 0-0: Ball
1-0: Foul Ball, location: 2F
1-1: Ball
2-1: Called Strike
2-2: Foul Ball, location: 2F
2-2: Ball
3-2: Foul Ball, location: 2F
3-2: Strikes out swinging
Top of the 1st over - 1 run, 3 hits, 0 errors, 1 left on base; Clinton 1 - Beloit 0
BOTTOM OF THE 1ST
Beloit Snappers batting - Pitching for Clinton LumberKings : RHP Trevor Jacobsen
Pitching: RHP Trevor Jacobsen
Batting: RHB Justin Menotti 0-0: Fly out, F3 (Popup, 3F, EV 63.1 MPH)
Batting: RHB Scott Wiggs 0-0: Ball
1-0: Foul Ball, location: 2F
1-1: Ball
2-1: Foul Ball, location: 2F
2-2: Strikes out swinging
Batting: RHB Josh Sinden 0-0: Ground out 6-3 (Groundball, 56, EV 85.0 MPH)
Bottom of the 1st over - 0 runs, 0 hits, 0 errors, 0 left on base; Clinton 1 - Beloit 0
TOP OF THE 2ND
Clinton LumberKings batting - Pitching for Beloit Snappers : RHP Jan Cole
Batting: RHB Salvador Avina 0-0: Foul Ball, location: 2F
0-1: Ball
1-1: Foul Ball, location: 2F
1-2: Ball
2-2: Foul Ball, location: 2F
2-2: Ball
3-2: Fly out, F8 (Line Drive, 8RM, EV 98.8 MPH)
Batting: RHB Josh Mauer 0-0: Called Strike
0-1: Fly out, F7 (Flyball, 78XD, EV 83.1 MPH)
Batting: LHB Brian Butler 0-0: Fly out, F7 (Flyball, 7D, EV 83.8 MPH)
Top of the 2nd over - 0 runs, 0 hits, 0 errors, 0 left on base; Clinton 1 - Beloit 0
BOTTOM OF THE 2ND
Beloit Snappers batting - Pitching for Clinton LumberKings : RHP Trevor Jacobsen
Batting: SHB D.J. Codd 0-0: Ball
1-0: Called Strike
1-1: Ball
2-1: Ball
3-1: Swinging Strike
3-2: Foul Ball, location: 2F
3-2: Base on Balls
Batting: RHB Manny Vizzerra 0-0: Foul Ball, location: 2F
0-1: SINGLE (Flyball, 34D, EV 92.5 MPH)
D.J. Codd to second
Batting: LHB Mario Cardona 0-0: Swinging Strike
0-1: SINGLE (Groundball, 34D, EV 101.3 MPH)
D.J. Codd to third
Manny Vizzerra to second
Batting: SHB Jose Nava 0-0: Called Strike
0-1: Ball
1-1: Called Strike
1-2: Ball
2-2: Ball
3-2: SINGLE (Line Drive, 56D, EV 95.0 MPH)
D.J. Codd scores
Manny Vizzerra to third
Mario Cardona to second
Batting: RHB Rick Linders 0-0: Called Strike
0-1: Foul Ball, location: 2F
0-2: Ball
1-2: Ball
2-2: Fly out, F9 (Flyball, 9S, EV 77.5 MPH)
Batting: LHB Raita Inouye 0-0: Called Strike
0-1: Swinging Strike
0-2: Strikes out swinging
Batting: RHB Justin Menotti 0-0: Ball
1-0: Called Strike
1-1: Foul Ball, location: 2F
1-2: GRAND SLAM HOME RUN (Flyball, 7LD, EV 91.9 MPH), Distance : 351 ft
Batting: RHB Scott Wiggs 0-0: Swinging Strike
0-1: Ball
1-1: Ball
2-1: Foul Ball, location: 2F
2-2: Foul Ball, location: 2F
2-2: Strikes out swinging
Bottom of the 2nd over - 5 runs, 4 hits, 0 errors, 0 left on base; Clinton 1 - Beloit 5
TOP OF THE 3RD
Clinton LumberKings batting - Pitching for Beloit Snappers : RHP Jan Cole
Batting: SHB Victor Rijos 0-0: Foul Ball, location: 2F
0-1: Ball
1-1: Swinging Strike
1-2: Strikes out swinging
Batting: RHB Kikuo Sato 0-0: Ball
1-0: Ball
2-0: Called Strike
2-1: Ball
3-1: Ground out 4-3 (Groundball, 4MD, EV 101.3 MPH)
Batting: RHB Rick Ellis 0-0: Ball
1-0: Ground out 5-3 (Groundball, 56S, EV 89.4 MPH)
Top of the 3rd over - 0 runs, 0 hits, 0 errors, 0 left on base; Clinton 1 - Beloit 5
BOTTOM OF THE 3RD
Beloit Snappers batting - Pitching for Clinton LumberKings : RHP Trevor Jacobsen
Batting: RHB Josh Sinden 0-0: Called Strike
0-1: Swinging Strike
0-2: Ball
1-2: Ball
2-2: Ball
3-2: Fly out, F3 (Popup, 23F, EV 86.3 MPH)
Batting: SHB D.J. Codd 0-0: Ball
1-0: Foul Ball, location: 2F
1-1: Swinging Strike
1-2: Strikes out swinging
Batting: RHB Manny Vizzerra 0-0: Ball
1-0: Foul Ball, location: 2F
1-1: Ball
2-1: Ball
3-1: Base on Balls
Pitching: RHP Adam Fair
Batting: LHB Mario Cardona 0-0: Swinging Strike
0-1: Ball
1-1: Foul Ball, location: 2F
1-2: Ball
2-2: Ground out U3 (Groundball, 34, EV 101.9 MPH)
Bottom of the 3rd over - 0 runs, 0 hits, 0 errors, 1 left on base; Clinton 1 - Beloit 5
TOP OF THE 4TH
Clinton LumberKings batting - Pitching for Beloit Snappers : RHP Jan Cole
Batting: RHB Josh Ruhl 0-0: Ball
1-0: Ball
2-0: Called Strike
2-1: Ball
3-1: Base on Balls
Batting: LHB Jason Hopkins 0-0: Called Strike
0-1: Ball
1-1: Swinging Strike
1-2: Fly out, F8 (Flyball, 8RM, EV 85.0 MPH)
Batting: RHB Josh O'Neal 0-0: Ball
1-0: Fielders Choice at 2nd, 5-4 (Groundball, 5, EV 83.1 MPH)
Batting: RHB Salvador Avina 0-0: Called Strike
0-1: Called Strike
0-2: Strikes out swinging
Top of the 4th over - 0 runs, 0 hits, 0 errors, 1 left on base; Clinton 1 - Beloit 5
BOTTOM OF THE 4TH
Beloit Snappers batting - Pitching for Clinton LumberKings : RHP Adam Fair
Batting: SHB Jose Nava 0-0: Ball
1-0: Ball
2-0: Ball
3-0: Base on Balls
Batting: RHB Rick Linders 0-0: Called Strike
0-1: Swinging Strike
0-2: Strikes out swinging
Batting: LHB Raita Inouye 0-0: Foul Ball, location: 2F
0-1: Ball
1-1: Ball
2-1: Called Strike
2-2: Foul Ball, location: 3F, Error on foul ball, E3
2-2: Ball
3-2: Strikes out swinging
Batting: RHB Justin Menotti 0-0: Ball
1-0: Ball
Wild Pitch!
Jose Nava to second
2-0: Foul Ball, location: 2F
2-1: Called Strike
2-2: Ball
3-2: Fly out, F9 (Line Drive, 9S, EV 98.1 MPH)
Bottom of the 4th over - 0 runs, 0 hits, 1 error, 1 left on base; Clinton 1 - Beloit 5
TOP OF THE 5TH
Clinton LumberKings batting - Pitching for Beloit Snappers : RHP Jan Cole
Batting: RHB Josh Mauer 0-0: Ball
1-0: Called Strike
1-1: Called Strike
1-2: Ball
2-2: Ball
3-2: Base on Balls
Batting: LHB Brian Butler 0-0: Called Strike
0-1: Called Strike
0-2: Strikes out swinging
Batting: SHB Victor Rijos 0-0: Ball
1-0: SINGLE (Groundball, 4MD, EV 104.4 MPH)
Josh Mauer to second
Batting: RHB Kikuo Sato 0-0: Foul Ball, location: 2F
0-1: Ball
1-1: Called Strike
1-2: Reached on error, E6 (Groundball, 6, EV 82.5 MPH)
Josh Mauer to third
Victor Rijos to second
Batting: RHB Rick Ellis 0-0: Foul Ball, location: 2F
0-1: Ball
1-1: Ball
2-1: Foul Ball, location: 2F
2-2: Foul Ball, location: 2F
2-2: Ball
3-2: Foul Ball, location: 2F
3-2: Foul Ball, location: 2F
3-2: Base on Balls
Josh Mauer scores
Victor Rijos to third
Kikuo Sato to second
Batting: RHB Josh Ruhl 0-0: Foul Ball, location: 2F
0-1: Ball
1-1: Ball
2-1: Foul Ball, location: 2F
2-2: Strikes out swinging
Batting: LHB Jason Hopkins 0-0: Ball
1-0: Ball
2-0: Foul Ball, location: 2F
2-1: Fly out, F4 (Line Drive, 4, EV 67.5 MPH)
Top of the 5th over - 1 run, 1 hit, 1 error, 3 left on base; Clinton 2 - Beloit 5
BOTTOM OF THE 5TH
Beloit Snappers batting - Pitching for Clinton LumberKings : RHP Adam Fair
Batting: RHB Scott Wiggs 0-0: Ball
1-0: TRIPLE (Flyball, 78XD, EV 108.1 MPH)
Pitching: LHP Rentaro Minami
Batting: RHB Josh Sinden 0-0: Called Strike
0-1: Ball
1-1: Ball
2-1: Ball
3-1: 2-RUN HOME RUN (Flyball, 7LD, EV 95.6 MPH), Distance : 338 ft
Batting: SHB D.J. Codd 0-0: Swinging Strike
0-1: Ball
1-1: Ball
2-1: Ball
3-1: Called Strike
3-2: Base on Balls
Batting: RHB Manny Vizzerra 0-0: Ball
1-0: Foul Ball, location: 2F
1-1: Foul Ball, location: 2F
1-2: Ball
2-2: DOUBLE (Line Drive, 9LS, EV 96.3 MPH)
D.J. Codd to third
Batting: LHB Mario Cardona 0-0: Ball
1-0: Foul Ball, location: 2F
1-1: SINGLE (Groundball, 4MD, EV 106.9 MPH)
D.J. Codd scores
Manny Vizzerra to third
Batting: SHB Jose Nava 0-0: Called Strike
0-1: Swinging Strike
0-2: Strikes out swinging
Batting: RHB Rick Linders 0-0: Ball
1-0: Foul Ball, location: 2F
1-1: Foul Ball, location: 2F
1-2: Strikes out looking
Batting: LHB Raita Inouye 0-0: Called Strike
0-1: SINGLE (Line Drive, 9S, EV 105.6 MPH)
Manny Vizzerra scores
Mario Cardona to second
Batting: RHB Justin Menotti 0-0: Ball
1-0: Swinging Strike
1-1: Fielders Choice at 2nd, 6-4 (Groundball, 6, EV 102.5 MPH)
Bottom of the 5th over - 4 runs, 5 hits, 0 errors, 2 left on base; Clinton 2 - Beloit 9
TOP OF THE 6TH
Clinton LumberKings batting - Pitching for Beloit Snappers : RHP Jan Cole
Pitching: LHP Jimmy Ford
Batting: RHB Josh O'Neal 0-0: DOUBLE (Line Drive, 9LS, EV 91.9 MPH)
Batting: RHB Salvador Avina 0-0: Ground out 6-3 (Groundball, 6, EV 86.3 MPH)
Batting: RHB Josh Mauer 0-0: Ball
1-0: Ball
2-0: Fly out, F7 (Flyball, 78D, EV 93.1 MPH)
Batting: LHB Brian Butler 0-0: Foul Ball, location: 2F
0-1: Ball
1-1: Ball
2-1: Foul Ball, location: 2F
2-2: Foul Ball, location: 2F
2-2: Fly out, F3 (Line Drive, 3, EV 64.4 MPH)
Top of the 6th over - 0 runs, 1 hit, 0 errors, 1 left on base; Clinton 2 - Beloit 9
BOTTOM OF THE 6TH
Beloit Snappers batting - Pitching for Clinton LumberKings : LHP Rentaro Minami
Pitching: RHP Jose Albarran
Batting: RHB Scott Wiggs 0-0: Called Strike
0-1: Ball
1-1: Foul Ball, location: 2F
1-2: Ball
2-2: Foul Ball, location: 2F
2-2: Strikes out swinging
Batting: RHB Josh Sinden 0-0: Foul Ball, location: 2F
0-1: Ball
1-1: Ball
2-1: Ball
3-1: Base on Balls
Batting: SHB D.J. Codd 0-0: Ball
1-0: Foul Ball, location: 2F
1-1: Swinging Strike
1-2: Ball
2-2: Foul Ball, location: 2F
2-2: Ball
Josh Sinden steals 2nd, throwing error, E2
Josh Sinden to third
3-2: Base on Balls
Batting: RHB Manny Vizzerra 0-0: Ball
1-0: Swinging Strike
1-1: Swinging Strike
1-2: Fielders Choice at 2nd, 6-4 (Groundball, 6, EV 87.5 MPH)
Josh Sinden scores
Batting: LHB Mario Cardona 0-0: Foul Ball, location: 2F
0-1: Ground out 4-3 (Groundball, 4M, EV 105.6 MPH)
Bottom of the 6th over - 1 run, 0 hits, 1 error, 1 left on base; Clinton 2 - Beloit 10
TOP OF THE 7TH
Clinton LumberKings batting - Pitching for Beloit Snappers : LHP Jimmy Ford
Batting: SHB Victor Rijos 0-0: Ball
1-0: Foul Ball, location: 2F
1-1: Ball
2-1: Ball
3-1: Foul Ball, location: 2F
3-2: Strikes out swinging
Pinch Hitting: LHB Ryan Rothenbach 0-0: Foul Ball, location: 2F
0-1: Ball
1-1: Ground out 4-3 (Groundball, 4, EV 76.3 MPH)
Batting: RHB Rick Ellis 0-0: Called Strike
0-1: Swinging Strike
0-2: Ball
1-2: Ball
2-2: Foul Ball, location: 2F
2-2: Foul Ball, location: 2F
2-2: DOUBLE (Line Drive, 89D, EV 113.1 MPH)
Batting: RHB Josh Ruhl 0-0: Swinging Strike
0-1: 2-RUN HOME RUN (Flyball, 7D, EV 95.0 MPH), Distance : 367 ft
Batting: LHB Jason Hopkins 0-0: Ball
1-0: Swinging Strike
1-1: Foul Ball, location: 2F
1-2: Strikes out swinging, 2-3 out at first.
Top of the 7th over - 2 runs, 2 hits, 0 errors, 0 left on base; Clinton 4 - Beloit 10
BOTTOM OF THE 7TH
Beloit Snappers batting - Pitching for Clinton LumberKings : RHP Jose Albarran
Now in LF: Josh Ruhl
Now in RF: Ryan Rothenbach
Batting: SHB Jose Nava 0-0: Ball
1-0: Foul Ball, location: 2F
1-1: Ball
2-1: Foul Ball, location: 2F
2-2: Ground out 6-3 (Groundball, 6, EV 78.1 MPH)
Batting: RHB Rick Linders 0-0: Ball
1-0: Ball
2-0: Called Strike
2-1: DOUBLE (Flyball, 8RXD, EV 97.5 MPH)
Batting: LHB Raita Inouye 0-0: Called Strike
0-1: Called Strike
0-2: Foul Ball, location: 2F
0-2: Foul Ball, location: 2F
0-2: Strikes out looking
Batting: RHB Justin Menotti 0-0: Called Strike
0-1: Foul Ball, location: 2F
0-2: Foul Ball, location: 2F
0-2: Reached on error, E5 (Groundball, 56, EV 80.6 MPH)
Rick Linders to third
Batting: RHB Scott Wiggs 0-0: Called Strike
0-1: Ball
1-1: Ball
2-1: Swinging Strike
2-2: Ball
3-2: Ground out 5-3 (Groundball, 56, EV 101.3 MPH)
Bottom of the 7th over - 0 runs, 1 hit, 1 error, 2 left on base; Clinton 4 - Beloit 10
TOP OF THE 8TH
Clinton LumberKings batting - Pitching for Beloit Snappers : LHP Jimmy Ford
Batting: RHB Josh O'Neal 0-0: Called Strike
0-1: Swinging Strike
0-2: Foul Ball, location: 2F
0-2: Ground out 5-3 (Groundball, 5S, EV 87.5 MPH)
Batting: RHB Salvador Avina 0-0: Swinging Strike
0-1: Ball
1-1: Foul Ball, location: 2F
1-2: Ball
2-2: Foul Ball, location: 2F
2-2: SINGLE (Flyball, 8RS, EV 94.4 MPH)
Pitching: RHP James Blaisdell
Batting: RHB Josh Mauer 0-0: Called Strike
0-1: Ball
1-1: Called Strike
1-2: Ball
2-2: Foul Ball, location: 2F
2-2: Ball
3-2: Foul Ball, location: 2F
3-2: Base on Balls
Salvador Avina to second
Batting: LHB Brian Butler 0-0: Fielders Choice at 2nd, 4-6 (Groundball, 4, EV 103.8 MPH)
Salvador Avina to third
Batting: SHB Victor Rijos 0-0: Ball
1-0: Called Strike
1-1: Ball
Balk!
Salvador Avina scores
Brian Butler to second
2-1: Foul Ball, location: 2F
2-2: Ball
3-2: Foul Ball, location: 2F
3-2: Ground out 4-3 (Groundball, 4, EV 85.6 MPH)
Top of the 8th over - 1 run, 1 hit, 0 errors, 1 left on base; Clinton 5 - Beloit 10
BOTTOM OF THE 8TH
Beloit Snappers batting - Pitching for Clinton LumberKings : RHP Jose Albarran
Pitching: LHP Chan-u Lee
Batting: RHB Josh Sinden 0-0: Foul Ball, location: 2F
0-1: Ball
1-1: Foul Ball, location: 2F
1-2: SOLO HOME RUN (Flyball, 7LD, EV 96.3 MPH), Distance : 354 ft
Batting: SHB D.J. Codd 0-0: Ball
1-0: Foul Ball, location: 2F
1-1: Called Strike
1-2: Strikes out swinging, 2-3 out at first.
Batting: RHB Manny Vizzerra 0-0: Ground out 6-3 (Groundball, 6, EV 103.8 MPH)
Batting: LHB Mario Cardona 0-0: Ball
1-0: Ball
2-0: Called Strike
2-1: Foul Ball, location: 2F
2-2: Foul Ball, location: 2F
2-2: Strikes out looking
Bottom of the 8th over - 1 run, 1 hit, 0 errors, 0 left on base; Clinton 5 - Beloit 11
TOP OF THE 9TH
Clinton LumberKings batting - Pitching for Beloit Snappers : RHP James Blaisdell
Batting: LHB Ryan Rothenbach 0-0: Ball
1-0: Called Strike
1-1: Foul Ball, location: 2F
1-2: Foul Ball, location: 2F
1-2: Ball
2-2: Hit by Pitch
Batting: RHB Rick Ellis 0-0: Foul Ball, location: 2F
0-1: Ball
1-1: Grounds into double play, 6-4-3 (Groundball, 6, EV 99.4 MPH)
Batting: RHB Josh Ruhl 0-0: Ball
1-0: DOUBLE (Line Drive, 7LS, EV 101.9 MPH)
Batting: LHB Jason Hopkins 0-0: Called Strike
0-1: Foul Ball, location: 2F
0-2: Ball
1-2: Strikes out swinging
Top of the 9th over - 0 runs, 1 hit, 0 errors, 1 left on base; Clinton 5 - Beloit 11
Thursday, March 31st , 2022 - OOTP Baseball 22.12 Build 89